 Dungeon Crawl Stone Soup version 0.20-a0-32-gb8e7c72 (webtiles) character file.

174 GlassEater the Sneak (level 5, -2/27 HPs)
             Began as a Vine Stalker Assassin on Nov 9, 2016.
             Was an Initiate of Gozag.
             Slain by an ogre
             ... wielding a +0 giant spiked club
              (12 damage)
             ... on level 3 of the Dungeon.
             The game lasted 00:07:01 (2578 turns).

GlassEater the Sneak (Vine Stalker Assassin)        Turns: 2578, Time: 00:07:01

Health: -2/27      AC:  3    Str: 14    XL:     5   Next: 54%
Magic:  0/6        EV: 12    Int: 11    God:    Gozag
Gold:   130        SH:  0    Dex: 16    Spells: 0 memorised, 5 levels left

rFire  . . .     SeeInvis .     a - +2 dagger
rCold  . . .     Gourm    .     c - +0 robe
rNeg   . . .     Faith    .     (no shield)
rPois  .         Spirit   +     (no helmet)
rElec  .         Reflect  .     d - +0 cloak
rCorr  .         Harm     .     (no gloves)
MR     .....                    (no boots)
Stlth  +++.......               t - amulet of regeneration
                                (no ring)
                                v - ring of flight

@: no status effects
A: fangs 2, regeneration 1, magic shield, antimagic bite, no device heal 3, rot
immunity
a: Potion Petition, Call Merchant, Bribe Branch, Renounce Religion, Evoke Flight


You were on level 3 of the Dungeon.
You worshipped Gozag.
Gozag was aware of your devotion.
You were not hungry.

You visited 1 branch of the dungeon, and saw 3 of its levels.

You collected 161 gold pieces.
You paid 31 gold pieces to Gozag.

Inventory:

Hand Weapons
 a - a +2 dagger (weapon)
 b - a +0 blowgun
Missiles
 e - 7 poisoned needles
 f - 2 curare-tipped needles
 h - 68 stones (quivered)
Armour
 c - a +0 robe (worn)
 d - a +0 cloak (worn)
 k - a +0 leather armour
 r - a +0 ring mail
Jewellery
 t - an amulet of regeneration (around neck)
 v - a ring of flight (left hand)
Scrolls
 l - a scroll of immolation {unknown}
 m - 2 scrolls of remove curse {unknown}
 o - 2 scrolls of identify {unknown}
 w - a scroll of enchant weapon {unknown}
Potions
 i - 3 potions of curing {unknown}
 n - a potion of magic {unknown}
 p - a potion of haste {unknown}
 q - a potion of degeneration {unknown}
 u - a potion of cure mutation {unknown}
Comestibles
 g - 2 bread rations
 j - 2 meat rations
 s - a fruit


   Skills:
 + Level 2.4 Fighting
 + Level 2.6 Short Blades
 + Level 2.6 Throwing
 + Level 1.5 Dodging
 * Level 6.3 Stealth
 - Level 0.6 Spellcasting


You had 5 spell levels left.
You didn't know any spells.

Dungeon Overview and Level Annotations

Branches:
Dungeon (3/15)

Altars:
Gozag
Nemelex Xobeh
Sif Muna
Xom


Innate Abilities, Weirdness & Mutations

You have extremely sharp teeth.
Your natural rate of healing is unusually fast.
When hurt, damage is shared between your health and your magic reserves.
Your bite disrupts and absorbs the magic of your enemies.
Potions and wands cannot restore your health.
You are immune to rotting.


Message History

The ogre is heavily wounded.
You hit the ogre.
The ogre is severely wounded.
The ogre barely misses you.
You hit the ogre.
The ogre is severely wounded.
You hit the ogre but do no damage. Your bite misses the ogre.
The ogre is severely wounded.
The ogre barely misses you.
You hit the ogre. Your bite misses the ogre.
The ogre is severely wounded.
The ogre hits you with a giant spiked club!!
Ouch! That really hurt!
You hit the ogre but do no damage.
The ogre is severely wounded.
You hit the ogre. Your bite misses the ogre.
The ogre is almost dead.
The ogre hits you with a giant spiked club!
You die...
Your body crumbles into a pile of gold.

############.##≈≈≈..≈≈≈#
#.##≈≈≈..≈≈≈#...
#.#####''####..
#.#>#.#..#....
#.#<..#.##... #.#.###.#
.. #.#.....# .#
#.########.#
#....@O....#
############


You could see an ogre.

Vanquished Creatures
  Natasha (twice) (D:3)
  3 gnolls (D:2)
  3 adders
  An ooze (D:1)
  4 worms
  A dart slug (D:2)
  2 leopard geckos
  A ball python (D:3)
  2 giant cockroaches (D:3)
  8 goblins
  3 hobgoblins
  A quokka (D:2)
  11 bats
  2 frilled lizards (D:2)
  6 kobolds
  6 rats
56 creatures vanquished.

Notes
Turn   | Place    | Note
-------+----------+-------------------------------------------
     0 | D:1      | GlassEater the Vine Stalker Assassin began the quest for the Orb.
     0 | D:1      | Reached XP level 1. HP: 11/11 MP: 2/2
   653 | D:1      | Reached skill level 5 in Stealth
   653 | D:1      | Reached XP level 2. HP: 14/15 MP: 3/3
  1012 | D:2      | Reached skill level 1 in Dodging
  1012 | D:2      | Reached XP level 3. HP: 15/18 MP: 4/4
  1536 | D:2      | Gained mutation: Your natural rate of healing is unusually fast. [Vine Stalker growth]
  1536 | D:2      | Reached XP level 4. HP: 21/23 MP: 5/5
  1735 | D:2      | Found a deep blue altar of Sif Muna.
  2117 | D:3      | Noticed Natasha
  2134 | D:3      | Killed Natasha
  2134 | D:3      | Reached XP level 5. HP: 20/27 MP: 3/6
  2157 | D:3      | Found an opulent altar of Gozag.
  2158 | D:3      | Found a sparkling altar of Nemelex Xobeh.
  2171 | D:3      | Became a worshipper of Gozag Ym Sagoz the Greedy
  2208 | D:3      | Reached skill level 6 in Stealth
  2250 | D:3      | Noticed Natasha
  2268 | D:3      | Killed Natasha
  2347 | D:3      | Found a shimmering altar of Xom.
  2557 | D:3      | Noticed an ogre
  2578 | D:3      | Slain by an ogre

Vault maps used:
D:1:      minmay_arrival_split_and_join
D:2:      nicolae_overflow_hidden_temple, first_bread
D:3:      grunt_temple_overflow_opulence, old_standard_altar, st_stairs_3,
          kennysheep_generic_room_4, uniq_natasha

Skill      XL: |  1  2  3  4  5 |
---------------+----------------+-----
Throwing       | 2 |  2.6
Stealth        | 5 6 |  6.3
Fighting       | 2 |  2.4
Dodging        | 1 |  1.5
Short Blades   | 2 |  2.6
Spellcasting   | |  0.6

Action                   |  1- 3 |  4- 6 || total
-------------------------+-------+-------++-------
Melee: Dagger            |    59 |   126 ||   185
       Bite              |    15 |    31 ||    46
 Fire: Blowgun           |       |     2 ||     2
Throw: Stone             |    14 |       ||    14
 Stab: Sleeping          |     4 |     7 ||    11
  Eat: Chunk             |     2 |     3 ||     5
Armor: Robe              |    23 |    20 ||    43
Dodge: Dodged            |    46 |    75 ||   121
